Map: Deathaura LE

Players

goblin

  • Race: Protoss Protoss
  • League: Master
  • Spawn Location: 5:00

LiquidMaNa (MaNa) - Winner!

  • Race: Protoss Protoss
  • League: Grandmaster
  • Spawn Location: 11:00

Event: DreamHack SC2 Masters 2020 Summer Europe

VOD

Have the link to the VOD?

Description

Time

  • Played on: June 28, 2020, 1:16 p.m.
  • Length: 9:11

All games in this series

Show
View Real Time Build Order
Export as new Build Order

goblin Protoss 

Build Orders: Phoenix Opening 

Get SALT Encoding   

  12  0:00  Probe  
  13  0:12  Probe  
  14  0:17  Pylon  
  14  0:23  Probe  
  15  0:32  Probe  
  15  0:36  Gateway  
  15  0:40  Probe  
  16  0:45  Assimilator  
  17  0:51  Probe  
  17  0:53  Assimilator  
  18  0:59  Probe  
  19  1:07  Gateway, Probe  
  20  1:17  Probe  
  20  1:23  Cybernetics Core  
  21  1:29  Probe  
  22  1:36  Pylon  
  22  1:41  Probe  
  23  1:59  Adept x2  
  27  2:04  Stargate  
  27  2:09  Warp Gate  
  28  2:23  Pylon  
  28  2:30  Adept  
  28  2:32  Adept  
  31  2:39  Phoenix  
  31  2:41  Probe  
  34  2:57  Pylon  
  34  2:59  Phoenix  
  34  3:03  Adept x2  
  40  3:36  Robotics Facility  
  40  3:40  Shield Battery, Pylon  
  36  3:52  Pylon  
  36  3:57  Sentry  
  38  4:03  Stalker  
  40  4:14  Immortal  
  40  4:20  Gateway  
  40  4:22  Gateway  
  44  4:30  Sentry  
  42  4:50  Immortal  
  46  5:00  Pylon  
  46  5:24  Stalker  
  46  5:25  Pylon  
  46  5:27  Immortal  
  52  5:54  Stalker x2, Zealot  
  58  5:58  Shield Battery  
  58  6:05  Warp Prism  
  60  6:35  Observer  
  60  6:45  Pylon  
  60  6:46  Pylon  
  61  6:57  Immortal  
  65  7:10  Stalker x2  
  65  7:11  Stalker  
  69  7:38  Pylon  
  69  7:40  Stalker  
  69  7:41  Stalker x2  
  73  8:04  Sentry x2, Zealot  
  77  8:25  Sentry  
  79  8:28  Sentry  
  79  8:29  Adept  
  83  8:36  Nexus  
Show
View Real Time Build Order
Export as new Build Order

LiquidMaNa Protoss - Winner!

Build Orders: Blink Stalkers 

Get SALT Encoding   

  12  0:00  Probe  
  13  0:12  Probe  
  14  0:17  Pylon  
  14  0:23  Probe  
  15  0:31  Probe  
  15  0:37  Gateway  
  15  0:40  Probe  
  16  0:47  Assimilator  
  17  0:51  Probe  
  18  0:59  Probe  
  19  1:04  Assimilator  
  19  1:07  Probe  
  19  1:09  Gateway  
  19  1:17  Probe  
  21  1:25  Cybernetics Core  
  21  1:29  Probe  
  22  1:35  Pylon  
  22  1:41  Probe  
  23  1:53  Probe, Warp Gate  
  24  2:02  Stalker x2  
  24  2:06  Probe  
  29  2:10  Pylon  
  29  2:32  Stalker x2  
  33  2:46  Probe  
  33  2:47  Pylon  
  33  2:48  Twilight Council  
  33  3:02  Stalker x2  
  37  3:08  Shield Battery  
  37  3:14  Gateway  
  37  3:18  Probe  
  38  3:23  Blink  
  38  3:42  Stalker x2  
  38  3:46  Probe  
  41  3:58  Probe  
  37  4:10  Probe  
  37  4:14  Stalker  
  37  4:15  Stalker  
  41  4:22  Probe  
  42  4:34  Probe  
  42  4:42  Robotics Facility  
  42  4:46  Probe  
  42  4:51  Stalker  
  45  4:58  Pylon  
  45  5:01  Sentry  
  47  5:16  Probe  
  48  5:28  Probe  
  49  5:33  Stalker x3  
  49  5:35  Observer  
  55  5:43  Pylon  
  55  6:01  Probe  
  55  6:02  Stalker  
  58  6:07  Stalker  
  60  6:13  Probe  
  61  6:25  Nexus  
  61  6:28  Probe  
  61  6:30  Charge  
  61  6:31  Observer  
  62  6:43  Gateway  
  62  6:46  Gateway  
  62  6:56  Pylon  
  62  7:03  Templar Archives  
  62  7:06  Observer  
  62  7:12  Pylon  
  62  7:19  Zealot  
  62  7:20  Zealot  
  64  7:29  Shield Battery  
  64  7:33  Zealot  
  64  7:56  High Templar  
  64  7:57  High Templar  
  64  7:58  Zealot x3  
  74  8:02  Archon  
  74  8:19  Zealot x3  
  80  8:23  Zealot  
  82  8:30  Zealot  
  82  8:34  Shield Battery  
  84  8:36  Pylon  
  84  8:41  Zealot x2  
  80  8:52  Zealot  
  68  9:00  Zealot x2  
Tags
 
Add a new tag
Caveats
  • Supply blocks, unpowered buildings, or Contaminate may cause inaccurate times.
  • Supply counts are checked every 10 seconds.